| TOP OF THE 1ST |
|
New York Mets batting - Pitching for Washington Nationals : RHP Danny Diaz
|
|
Pitching: RHP Danny Diaz
|
|
|
Batting: SHB Nelle van den Berg
|
0-0: Called Strike 0-1: Ground out 4-3 (Groundball, 4, EV 85.6 MPH)
|
|
Batting: SHB Sean Cook
|
0-0: Foul Ball, location: 2F 0-1: Foul Ball, location: 2F 0-2: Strikes out looking
|
|
Batting: SHB Harry Hoop
|
0-0: Ball 1-0: Foul Ball, location: 2F 1-1: Ball 2-1: Fly out, F7 (Flyball, 7S, EV 84.4 MPH)
|
| Top of the 1st over - 0 runs, 0 hits, 0 errors, 0 left on base; New York 0 - Washington 0 |
| BOTTOM OF THE 1ST |
|
Washington Nationals batting - Pitching for New York Mets : RHP Jeff Jank
|
|
Pitching: RHP Jeff Jank
|
|
|
Batting: SHB Andrew Wray II
|
0-0: Ground out 4-3 (Groundball, 4M, EV 85.0 MPH)
|
|
Batting: RHB Luis Torres
|
0-0: Swinging Strike 0-1: Ball 1-1: Ball 2-1: Ground out U3 (Groundball, 3, EV 105.0 MPH)
|
|
Batting: LHB R.J. O'Brien
|
0-0: Called Strike 0-1: Ball 1-1: Called Strike 1-2: Foul Ball, location: 2F 1-2: Ball 2-2: Foul Ball, location: 2F 2-2: Ground out 6-3 (Groundball, 6, EV 92.5 MPH)
|
| Bottom of the 1st over - 0 runs, 0 hits, 0 errors, 0 left on base; New York 0 - Washington 0 |
| TOP OF THE 2ND |
|
New York Mets batting - Pitching for Washington Nationals : RHP Danny Diaz
|
|
Batting: SHB Jonathan Jenkins
|
0-0: Called Strike 0-1: Ball 1-1: Ball 2-1: Foul Ball, location: 2F 2-2: Foul Ball, location: 2F 2-2: Ball 3-2: Ground out 6-3 (Groundball, 4, EV 87.5 MPH)
|
|
Batting: RHB Melchor Sovrivilla
|
0-0: Ball 1-0: Ball 2-0: Ball 3-0: Base on Balls
|
|
Batting: SHB Javy Rosa
|
0-0: Foul Ball, location: 2F 0-1: Ball 1-1: Swinging Strike 1-2: TRIPLE (Line Drive, 78XD, EV 100.6 MPH) Melchor Sovrivilla scores
|
|
Batting: SHB Gus Berry
|
0-0: Ball 1-0: SINGLE (Groundball, 56, EV 108.1 MPH) Javy Rosa scores
|
|
Batting: SHB Kaname Fujimoto
|
0-0: Called Strike Gus Berry steals 2nd base 0-1: SINGLE (Line Drive, 9, EV 93.1 MPH) Gus Berry to third
|
|
Batting: SHB Tomas Caldera
|
0-0: Called Strike 0-1: Ball 1-1: Called Strike 1-2: Strikes out looking
|
|
Batting: SHB Nelle van den Berg
|
0-0: Ball 1-0: Ball 2-0: Called Strike 2-1: Ball 3-1: Base on Balls Kaname Fujimoto to second
|
|
Batting: SHB Sean Cook
|
0-0: Ball 1-0: Ball 2-0: Called Strike 2-1: Ball 3-1: Base on Balls Gus Berry scores Kaname Fujimoto to third Nelle van den Berg to second
|
|
Batting: SHB Harry Hoop
|
0-0: Ball 1-0: Swinging Strike 1-1: Fly out, F3 (Popup, 3SF, EV 72.5 MPH)
|
| Top of the 2nd over - 3 runs, 3 hits, 0 errors, 3 left on base; New York 3 - Washington 0 |
| BOTTOM OF THE 2ND |
|
Washington Nationals batting - Pitching for New York Mets : RHP Jeff Jank
|
|
Batting: SHB Junzo Kato
|
0-0: Called Strike 0-1: Foul Ball, location: 2F 0-2: Foul Ball, location: 2F 0-2: Ball 1-2: Ball 2-2: Ball 3-2: Fly out, F9 (Line Drive, 9S, EV 93.1 MPH)
|
|
Batting: LHB Armando Carbajal
|
0-0: Ball 1-0: Called Strike 1-1: Ball 2-1: Called Strike 2-2: Strikes out looking
|
|
Batting: RHB John Sanders
|
0-0: Fly out, F8 (Flyball, 78D, EV 85.6 MPH)
|
| Bottom of the 2nd over - 0 runs, 0 hits, 0 errors, 0 left on base; New York 3 - Washington 0 |
| TOP OF THE 3RD |
|
New York Mets batting - Pitching for Washington Nationals : RHP Danny Diaz
|
|
Batting: SHB Jonathan Jenkins
|
0-0: Called Strike 0-1: Ball 1-1: DOUBLE (Line Drive, 7LS, EV 96.9 MPH)
|
|
Batting: RHB Melchor Sovrivilla
|
0-0: Foul Ball, location: 2F 0-1: Swinging Strike 0-2: Foul Ball, location: 2F 0-2: Strikes out swinging
|
|
Batting: SHB Javy Rosa
|
0-0: Ball 1-0: SINGLE (Line Drive, 7S, EV 95.6 MPH) Jonathan Jenkins to third
|
|
Batting: SHB Gus Berry
|
0-0: Foul Ball, location: 2F 0-1: SINGLE (Line Drive, 8RS, EV 96.3 MPH) Jonathan Jenkins scores Javy Rosa to second
|
|
Batting: SHB Kaname Fujimoto
|
0-0: Ball 1-0: Ball 2-0: Foul Ball, location: 2F 2-1: Foul Ball, location: 2F 2-2: Ball 3-2: Foul Ball, location: 2F 3-2: Base on Balls Javy Rosa to third Gus Berry to second
|
|
Batting: SHB Tomas Caldera
|
0-0: Ball 1-0: Swinging Strike 1-1: Ball 2-1: Foul Ball, location: 2F 2-2: Foul Ball, location: 2F 2-2: Grounds into double play, 4-6-3 (Groundball, 4, EV 100.6 MPH)
|
| Top of the 3rd over - 1 run, 3 hits, 0 errors, 2 left on base; New York 4 - Washington 0 |
| BOTTOM OF THE 3RD |
|
Washington Nationals batting - Pitching for New York Mets : RHP Jeff Jank
|
|
Batting: LHB Yasahiko Teshima
|
0-0: Ball 1-0: Swinging Strike 1-1: Ball 2-1: SINGLE (Groundball, 4MS, EV 71.3 MPH) (infield hit)
|
|
Batting: RHB Mike Blair
|
0-0: Fly out, F9 (Flyball, 9S, EV 91.9 MPH)
|
|
Batting: RHB Tommy Baird
|
0-0: Swinging Strike 0-1: SINGLE (Groundball, 56D, EV 94.4 MPH) Yasahiko Teshima to second
|
|
Batting: SHB Andrew Wray II
|
0-0: Ball 1-0: Called Strike 1-1: Foul Ball, location: 2F 1-2: Foul Ball, location: 2F 1-2: Ball 2-2: Strikes out swinging
|
|
Batting: RHB Luis Torres
|
0-0: Foul Ball, location: 2F 0-1: Swinging Strike 0-2: Ball 1-2: Foul Ball, location: 2F 1-2: Foul Ball, location: 2F 1-2: Foul Ball, location: 2F 1-2: Strikes out swinging
|
| Bottom of the 3rd over - 0 runs, 2 hits, 0 errors, 2 left on base; New York 4 - Washington 0 |
| TOP OF THE 4TH |
|
New York Mets batting - Pitching for Washington Nationals : RHP Danny Diaz
|
|
Batting: SHB Nelle van den Berg
|
0-0: Ball 1-0: Called Strike 1-1: Foul Ball, location: 2F 1-2: Ball 2-2: Ball 3-2: Foul Ball, location: 2F 3-2: Base on Balls
|
|
Batting: SHB Sean Cook
|
0-0: Ball 1-0: Foul Ball, location: 2F 1-1: Swinging Strike 1-2: Strikes out swinging
|
|
Batting: SHB Harry Hoop
|
0-0: Ball 1-0: Ball 2-0: SINGLE (Line Drive, 9S, EV 91.9 MPH) Nelle van den Berg to second
|
|
Batting: SHB Jonathan Jenkins
|
0-0: Fly out, F8 (Line Drive, 8LXD, EV 102.5 MPH) Runner from 2nd tags up, SAFE at 3rd, no throw by CF
|
|
Batting: RHB Melchor Sovrivilla
|
0-0: Called Strike 0-1: Ball 1-1: Fly out, F8 (Line Drive, 8LM, EV 97.5 MPH)
|
| Top of the 4th over - 0 runs, 1 hit, 0 errors, 2 left on base; New York 4 - Washington 0 |
| BOTTOM OF THE 4TH |
|
Washington Nationals batting - Pitching for New York Mets : RHP Jeff Jank
|
|
Batting: LHB R.J. O'Brien
|
0-0: Called Strike 0-1: Ball 1-1: Ball 2-1: Swinging Strike 2-2: Strikes out swinging
|
|
Batting: SHB Junzo Kato
|
0-0: Called Strike 0-1: Foul Ball, location: 2F 0-2: Foul Ball, location: 2F 0-2: Ground out 6-3 (Groundball, 6, EV 88.8 MPH)
|
|
Batting: LHB Armando Carbajal
|
0-0: Swinging Strike 0-1: Fly out, F7 (Flyball, 7, EV 85.6 MPH)
|
| Bottom of the 4th over - 0 runs, 0 hits, 0 errors, 0 left on base; New York 4 - Washington 0 |
| TOP OF THE 5TH |
|
New York Mets batting - Pitching for Washington Nationals : RHP Danny Diaz
|
|
Batting: SHB Javy Rosa
|
0-0: Ball 1-0: Ball 2-0: Called Strike 2-1: Ball 3-1: Foul Ball, location: 2F 3-2: Base on Balls
|
|
Batting: SHB Gus Berry
|
0-0: Called Strike 0-1: Foul Ball, location: 2F 0-2: Ball 1-2: Ball 2-2: Strikes out swinging
|
|
Pitching: RHP Kyle Bradley
|
|
|
Batting: SHB Kaname Fujimoto
|
0-0: Called Strike 0-1: Fly out, F7 (Flyball, 78S, EV 89.4 MPH)
|
|
Batting: SHB Tomas Caldera
|
0-0: Ball 1-0: Ball Javy Rosa is caught stealing 2nd base 2-6
|
| Top of the 5th over - 0 runs, 0 hits, 0 errors, 0 left on base; New York 4 - Washington 0 |
| BOTTOM OF THE 5TH |
|
Washington Nationals batting - Pitching for New York Mets : RHP Jeff Jank
|
|
Batting: RHB John Sanders
|
0-0: Ground out 5-3 (Groundball, 56S, EV 79.4 MPH)
|
|
Batting: LHB Yasahiko Teshima
|
0-0: Ball 1-0: Called Strike 1-1: Called Strike 1-2: Strikes out swinging
|
|
Batting: RHB Mike Blair
|
0-0: Foul Ball, location: 2F 0-1: Swinging Strike 0-2: Ball 1-2: Foul Ball, location: 2F 1-2: Ball 2-2: Ball 3-2: Strikes out swinging
|
| Bottom of the 5th over - 0 runs, 0 hits, 0 errors, 0 left on base; New York 4 - Washington 0 |
| TOP OF THE 6TH |
|
New York Mets batting - Pitching for Washington Nationals : RHP Kyle Bradley
|
|
Batting: SHB Tomas Caldera
|
0-0: Ball 1-0: Called Strike 1-1: Fly out, F5 (Line Drive, 5, EV 75.6 MPH)
|
|
Batting: SHB Nelle van den Berg
|
0-0: Called Strike 0-1: Ball 1-1: Ball 2-1: Foul Ball, location: 2F 2-2: Foul Ball, location: 2F 2-2: Ball 3-2: Strikes out swinging
|
|
Batting: SHB Sean Cook
|
0-0: Foul Ball, location: 2F 0-1: Ball 1-1: Foul Ball, location: 2F 1-2: Ball 2-2: Ground out U3 (Groundball, 3L, EV 79.4 MPH)
|
| Top of the 6th over - 0 runs, 0 hits, 0 errors, 0 left on base; New York 4 - Washington 0 |
| BOTTOM OF THE 6TH |
|
Washington Nationals batting - Pitching for New York Mets : RHP Jeff Jank
|
|
Batting: RHB Tommy Baird
|
0-0: Swinging Strike 0-1: Foul Ball, location: 2F 0-2: Ball 1-2: Foul Ball, location: 2F 1-2: Foul Ball, location: 2F 1-2: Strikes out swinging
|
|
Pitching: LHP Chris Thurner
|
|
|
Batting: SHB Andrew Wray II
|
0-0: Ball 1-0: SINGLE (Line Drive, 7LS, EV 105.0 MPH)
|
|
Batting: RHB Luis Torres
|
0-0: Called Strike 0-1: Ball 1-1: Grounds into double play, 4-6-3 (Groundball, 4, EV 105.6 MPH)
|
| Bottom of the 6th over - 0 runs, 1 hit, 0 errors, 0 left on base; New York 4 - Washington 0 |
| TOP OF THE 7TH |
|
New York Mets batting - Pitching for Washington Nationals : RHP Kyle Bradley
|
|
Pitching: LHP Keith Pratt
|
|
|
Batting: SHB Harry Hoop
|
0-0: Ball 1-0: Ball 2-0: Called Strike 2-1: Foul Ball, location: 2F 2-2: Ball 3-2: Strikes out looking
|
|
Batting: SHB Jonathan Jenkins
|
0-0: Foul Ball, location: 2F 0-1: Swinging Strike 0-2: Strikes out swinging
|
|
Batting: RHB Melchor Sovrivilla
|
0-0: Ball 1-0: Swinging Strike 1-1: Ball 2-1: Ground out U3 (Groundball, 3L, EV 100.0 MPH)
|
| Top of the 7th over - 0 runs, 0 hits, 0 errors, 0 left on base; New York 4 - Washington 0 |
| BOTTOM OF THE 7TH |
|
Washington Nationals batting - Pitching for New York Mets : LHP Chris Thurner
|
|
Batting: LHB R.J. O'Brien
|
0-0: Ball 1-0: Ball 2-0: Foul Ball, location: 2F 2-1: Swinging Strike 2-2: Ball 3-2: Foul Ball, location: 2F 3-2: Foul Ball, location: 2F 3-2: Strikes out swinging
|
|
Batting: SHB Junzo Kato
|
0-0: Foul Ball, location: 2F 0-1: Ball 1-1: Ball 2-1: Foul Ball, location: 2F 2-2: Ground out 1-3 (Groundball, 13, EV 66.9 MPH)
|
|
Batting: RHB C.J. Beavers
|
0-0: Swinging Strike 0-1: Called Strike 0-2: SINGLE (Line Drive, 56D, EV 93.8 MPH)
|
|
Batting: RHB John Sanders
|
0-0: Ball 1-0: Ball 2-0: Called Strike 2-1: Ball 3-1: Foul Ball, location: 2F 3-2: Base on Balls C.J. Beavers to second
|
|
Batting: LHB Yasahiko Teshima
|
|
|
Pinch Hitting: RHB Danny Gerardo
|
0-0: Ball 1-0: Foul Ball, location: 2F 1-1: Ball 2-1: Ground out 3-1 (Groundball, 34, EV 106.9 MPH)
|
| Bottom of the 7th over - 0 runs, 1 hit, 0 errors, 2 left on base; New York 4 - Washington 0 |
| TOP OF THE 8TH |
|
New York Mets batting - Pitching for Washington Nationals : LHP Keith Pratt
|
|
Now at 1B: Dan Fallon
|
|
|
Batting: SHB Javy Rosa
|
0-0: Ball 1-0: Foul Ball, location: 2F 1-1: Called Strike 1-2: Ball 2-2: Foul Ball, location: 2F 2-2: Fly out, F8 (Flyball, 8LXD, EV 104.4 MPH)
|
|
Batting: SHB Gus Berry
|
0-0: Ball 1-0: Foul Ball, location: 2F 1-1: Ground out 4-3 (Groundball, 4M, EV 109.4 MPH)
|
|
Batting: SHB Kaname Fujimoto
|
0-0: Called Strike 0-1: Swinging Strike 0-2: Strikes out looking
|
| Top of the 8th over - 0 runs, 0 hits, 0 errors, 0 left on base; New York 4 - Washington 0 |
| BOTTOM OF THE 8TH |
|
Washington Nationals batting - Pitching for New York Mets : LHP Chris Thurner
|
|
Pitching: RHP Victor Morin
|
|
|
Batting: RHB Mike Blair
|
0-0: Ball 1-0: Foul Ball, location: 2F 1-1: Ball 2-1: Ball 3-1: Base on Balls
|
|
Batting: RHB Tommy Baird
|
0-0: Ball 1-0: Grounds into double play, 6-4-3 (Groundball, 6, EV 93.8 MPH)
|
|
Batting: SHB Andrew Wray II
|
0-0: Called Strike 0-1: SINGLE (Groundball, 34D, EV 110.6 MPH)
|
|
Batting: RHB Luis Torres
|
0-0: Ground out 6-3 (Groundball, 6D, EV 106.3 MPH)
|
| Bottom of the 8th over - 0 runs, 1 hit, 0 errors, 1 left on base; New York 4 - Washington 0 |
| TOP OF THE 9TH |
|
New York Mets batting - Pitching for Washington Nationals : LHP Keith Pratt
|
|
Batting: SHB Tomas Caldera
|
0-0: Called Strike 0-1: Ball 1-1: Ball 2-1: Foul Ball, location: 2F 2-2: Ball 3-2: Foul Ball, location: 2F 3-2: Strikes out looking
|
|
Batting: SHB Nelle van den Berg
|
0-0: Called Strike 0-1: Ball 1-1: Ball 2-1: Swinging Strike 2-2: Ground out 5-3 (Groundball, 56S, EV 65.6 MPH)
|
|
Batting: SHB Sean Cook
|
0-0: Called Strike 0-1: Foul Ball, location: 2F 0-2: Foul Ball, location: 2F 0-2: Foul Ball, location: 2F 0-2: Foul Ball, location: 2F 0-2: Ball 1-2: Foul Ball, location: 2F 1-2: Ground out U3 (Groundball, 3L, EV 98.8 MPH)
|
| Top of the 9th over - 0 runs, 0 hits, 0 errors, 0 left on base; New York 4 - Washington 0 |
| BOTTOM OF THE 9TH |
|
Washington Nationals batting - Pitching for New York Mets : RHP Victor Morin
|
|
Batting: LHB R.J. O'Brien
|
0-0: Ball 1-0: SINGLE (Line Drive, 8RS, EV 89.4 MPH)
|
|
Batting: SHB Junzo Kato
|
0-0: Called Strike 0-1: Called Strike 0-2: Strikes out swinging
|
|
Batting: RHB C.J. Beavers
|
0-0: Fly out, F8 (Flyball, 78M, EV 88.1 MPH)
|
|
Batting: RHB John Sanders
|
0-0: Called Strike 0-1: Foul Ball, location: 2F 0-2: SINGLE (Groundball, 5S, EV 63.1 MPH) (infield hit) R.J. O'Brien to second
|
|
Pitching: RHP Ron Hawkins
|
|
|
Batting: RHB Dan Fallon
|
0-0: Ball 1-0: Foul Ball, location: 2F 1-1: Foul Ball, location: 2F 1-2: Foul Ball, location: 2F 1-2: Ball 2-2: Foul Ball, location: 2F 2-2: Foul Ball, location: 2F 2-2: SINGLE (Line Drive, 56D, EV 98.1 MPH) R.J. O'Brien to third John Sanders to second
|
|
Batting: RHB Mike Blair
|
0-0: Swinging Strike 0-1: Swinging Strike 0-2: Fielders Choice at 2nd, 6-4 (Groundball, 6, EV 88.1 MPH)
|
| Bottom of the 9th over - 0 runs, 3 hits, 0 errors, 3 left on base; New York 4 - Washington 0 |
|